 Dungeon Crawl Stone Soup version 0.27-a0-416-gca2cecf3c0 (webtiles) character file.

Game seed: 9047153508780427566

9208 rageheart7 the Nimble (level 11, -19/80 HPs)
             Began as a Gnoll Monk on Feb 24, 2021.
             Was an Elder of Hepliaklqana.
             Demolished by a freezing wraith (23 damage)
             ... on level 10 of the Dungeon.
             The game lasted 00:16:38 (10717 turns).

rageheart7 the Nimble (Gnoll Monk)                 Turns: 10717, Time: 00:16:38

Health: -19/80     AC: 12    Str: 13    XL:     11   Next: 42%
Magic:  20/20      EV: 18    Int:  8    God:    Hepliaklqana [****..]
Gold:   895        SH:  0    Dex: 22    Spells: 22/22 levels left

rFire    . . .     SeeInvis .   g - +4 short sword (freeze)
rCold    . . .     Faith    .   (no shield)
rNeg     + . .     Spirit   .   u - +3 ring mail of a wizard's laboratory {Stlth+}
rPois    +         Reflect  .   (no helmet)
rElec    .         Harm     .   d - +2 ratskin cloak {*Rats rPois rN+ Str-1 Int-1 Dex+1}
rCorr    .         Rampage  .   (no gloves)
Will     .....                  (no boots)
Stlth    ++++......             (no amulet)
HPRegen  0.23/turn              s - ring of wizardry
MPRegen  0.17/turn              b - +6 ring of dexterity

@: mighty, about to teleport, slowed, very slow
A: distributed training, reduced essence, fangs 1, strong nose
a: Renounce Religion, Recall Ancestor, Ancestor Identity, Transference, Idealise


You were on level 10 of the Dungeon.
You worshipped Hepliaklqana.
Hepliaklqana was greatly pleased with you.
You visited 1 branch of the dungeon, and saw 10 of its levels.

You collected 895 gold pieces.

Inventory:

Hand Weapons
 g - a +4 short sword of freezing (weapon)
 v - a +2 falchion of freezing
Missiles
 i - 17 boomerangs (quivered)
Armour
 d - the +2 ratskin cloak (worn) {*Rats rPois rN+ Str-1 Int-1 Dex+1}
   (You found it on level 6 of the Dungeon)

   It affects your strength (-1).
   It affects your intelligence (-1).
   It affects your dexterity (+1).
   It protects you from poison.
   It protects you from negative energy.
 u - the +3 ring mail of a wizard's laboratory (worn) {Stlth+}
   (You found it on level 4 of the Dungeon)

   It makes you more stealthy.
 C - +0 swamp dragon scales
Jewellery
 b - a +6 ring of dexterity (right hand)
 s - a ring of wizardry (left hand)
Scrolls
 f - 2 scrolls of amnesia
 j - a scroll of random uselessness
 k - 3 scrolls of enchant weapon
 m - 3 scrolls of blinking {unknown}
 n - 4 scrolls of noise {unknown}
 o - 11 scrolls of teleportation
 r - 2 scrolls of fog {unknown}
 w - a scroll of immolation {unknown}
 x - 2 scrolls of enchant armour {unknown}
 y - 2 scrolls of fear {unknown}
 A - 5 scrolls of identify
Potions
 a - 2 potions of brilliance
 c - 3 potions of invisibility
 e - 2 potions of curing
 h - a potion of resistance
 l - a potion of haste
 q - a potion of flight
 t - 2 potions of might
 z - a potion of attraction


   Skills:
 + Level 9.2 Fighting
 + Level 6.3 Short Blades
 + Level 9.2 Long Blades
 + Level 6.3 Axes
 + Level 6.3 Maces & Flails
 + Level 6.3 Polearms
 + Level 6.3 Staves
 + Level 6.3 Slings
 + Level 6.3 Bows
 + Level 6.3 Crossbows
 + Level 6.3 Throwing
 + Level 6.3 Armour
 + Level 9.2 Dodging
 + Level 7.6 Stealth
 + Level 6.3 Shields
 + Level 6.3 Unarmed Combat
 + Level 6.3 Spellcasting
 + Level 5.2 Conjurations
 + Level 5.2 Hexes
 + Level 5.2 Summonings
 + Level 5.2 Necromancy
 + Level 5.2 Translocations
 + Level 5.2 Transmutations
 + Level 5.2 Fire Magic
 + Level 5.2 Ice Magic
 + Level 5.2 Air Magic
 + Level 5.2 Earth Magic
 + Level 5.2 Poison Magic
 + Level 6.9 Invocations
 + Level 6.3 Evocations


You had 22 spell levels left.
You didn't know any spells.
Your spell library was empty.

Dungeon Overview and Level Annotations

Branches:
Dungeon (10/15)            Temple (0/1) D:6            Lair (0/6) D:10
    Orc (0/2) D:10

Altars:
Ashenzari
Dithmenos
Fedhas
Hepliaklqana
Makhleb
Nemelex Xobeh
Okawaru
Ru
Sif Muna
Vehumet
Yredelemnul

Shops:
D:8 (

Annotations:
D:4 3 runed translucent doors, Keybladegaming's ghost, weakling TeAE


Innate Abilities, Weirdness & Mutations

Your experience applies equally to all skills.
You have very sharp teeth.
Your uncanny sense of smell can sniff out nearby items.
Your life essence is reduced to manifest your ancestor. (-10% HP)


Message History

The freezing wraith is heavily damaged.
The freezing wraith hits you but does no damage. x2
Your hell rat bites the freezing wraith but does no damage.
Unknown command.
You closely miss the freezing wraith.
The freezing wraith is heavily damaged.
The freezing wraith hits you but does no damage.
The freezing wraith closely misses you.
Your hell rat bites the freezing wraith!
The freezing wraith closely misses you.
The freezing wraith hits you but does no damage.
You hit the freezing wraith.
The freezing wraith is severely damaged.
Your hell rat returns to the shadows of the Dungeon!
The freezing wraith hits you. The freezing wraith freezes you!
* * * LOW HITPOINT WARNING * * *
The freezing wraith completely misses you.
Unknown command.
You hit the freezing wraith but do no damage.
The freezing wraith is severely damaged.
The freezing wraith completely misses you.
The freezing wraith closely misses you.
Unknown command.
You hit the freezing wraith but do no damage.
You bite the freezing wraith, but do no damage.
The freezing wraith is severely damaged.
The freezing wraith closely misses you. The freezing wraith hits you.
* * * LOW HITPOINT WARNING * * *
The freezing wraith drains your vigour!
You feel as though you will be slow longer.
You closely miss the freezing wraith.
The freezing wraith is severely damaged.
The freezing wraith hits you but does no damage.
The freezing wraith completely misses you.
Okay, then.
As you read the scroll of teleportation, it crumbles to dust.
You feel strangely unstable. The freezing wraith hits you.
* * * LOW HITPOINT WARNING * * *
The freezing wraith freezes you!!
You die...

############## ###
..........W..####.###
.####.#####@.##.....#
# #..##.#.#.#
#....)....#
#..#..#.#.#
#..##.....#
#(.####...#
#........##
#.......##
#.#####.#######


You could see a freezing wraith.

Vanquished Creatures
  A two-headed ogre (D:8)
  Maggie (D:10)
  A troll (D:9)
  3 wyverns (D:10)
  4 yaks (D:10)
  A basilisk (D:10)
  Grum (D:9)
  A warg (D:10)
  Menkaure (D:7)
  3 water moccasins (D:10)
  7 orc warriors
  4 ice beasts
  2 sky beasts
  2 necrophages
  8 ogres
  2 wolves (D:9)
  3 centaurs
  A phantom (D:9)
  A kobold brigand (D:9)
  4 bullfrogs
  2 scorpions
  A water moccasin skeleton (D:9)
  6 wights
  A howler monkey (D:5)
  A bullfrog zombie (D:5)
  2 quasits
  2 orc priests
  3 hounds
  A jelly (D:9)
  A gnoll shaman (D:6)
  A bullfrog skeleton (D:10)
  2 iguanas
  Jessica (D:3)
  Terence (D:2)
  3 hell rats (D:6)
  5 orc wizards
  6 worker ants
  5 gnolls
  14 adders
  4 river rats (D:6)
  4 shadow imps
  2 white imps
  An ooze (D:3)
  5 ufetubi
  2 adder zombies
  3 adder skeletons
  2 worms
  2 dart slugs
  5 leopard geckos
  26 orcs
  A ball python (D:3)
  6 bats
  8 giant cockroaches
  7 goblins
  4 hobgoblins
  7 jackals
  4 quokkas
  4 frilled lizards
  2 gnoll zombies (D:4)
  8 kobolds
  A leopard gecko skeleton (D:7)
  A leopard gecko zombie (D:5)
  2 quokka skeletons
  18 rats
238 creatures vanquished.

Vanquished Creatures (collateral kills)
  Nergalle (D:10)
  A troll (D:9)
  A wyvern (D:9)
  A yak (D:10)
  A sky beast (D:6)
  An ogre (D:7)
  2 wolves (D:9)
  2 centaurs
  A gnoll sergeant (D:9)
  A jelly (D:9)
  2 wights (D:10)
  A howler monkey (D:6)
  A hound (D:5)
  3 orc wizards
  3 gnolls
  A howler monkey zombie (D:7)
  A white imp (D:9)
  A leopard gecko (D:5)
  5 orcs
  A frilled lizard (D:5)
31 creatures vanquished.

Vanquished Creatures (others)
  6 hexers
  A fungus (D:10)
  15 plants
22 creatures vanquished.

Grand Total: 291 creatures vanquished

Notes
Turn   | Place    | Note
-------+----------+-------------------------------------------
     0 | D:1      | rageheart7 the Gnoll Monk began the quest for the Orb.
     0 | D:1      | Reached XP level 1. HP: 23/23 MP: 1/1
   301 | D:1      | Reached XP level 2. HP: 29/29 MP: 2/2
   882 | D:2      | Reached XP level 3. HP: 24/35 MP: 3/3
  1280 | D:2      | Reached skill level 1 in Invocations
  1295 | D:2      | Reached skill level 1 in Short Blades
  1295 | D:2      | Reached skill level 1 in Axes
  1295 | D:2      | Reached skill level 1 in Maces & Flails
  1295 | D:2      | Reached skill level 1 in Polearms
  1295 | D:2      | Reached skill level 1 in Staves
  1295 | D:2      | Reached skill level 1 in Slings
  1295 | D:2      | Reached skill level 1 in Bows
  1295 | D:2      | Reached skill level 1 in Crossbows
  1295 | D:2      | Reached skill level 1 in Throwing
  1295 | D:2      | Reached skill level 1 in Armour
  1295 | D:2      | Reached skill level 1 in Shields
  1295 | D:2      | Reached skill level 1 in Unarmed Combat
  1295 | D:2      | Reached skill level 1 in Spellcasting
  1295 | D:2      | Reached skill level 1 in Evocations
  1419 | D:2      | Reached XP level 4. HP: 41/41 MP: 5/5
  1559 | D:2      | Found a burning altar of Makhleb.
  1559 | D:2      | Found a radiant altar of Vehumet.
  1875 | D:2      | Noticed Terence
  1882 | D:2      | Killed Terence
  1883 | D:2      | Reached skill level 1 in Conjurations
  1883 | D:2      | Reached skill level 1 in Hexes
  1883 | D:2      | Reached skill level 1 in Summonings
  1883 | D:2      | Reached skill level 1 in Necromancy
  1883 | D:2      | Reached skill level 1 in Translocations
  1883 | D:2      | Reached skill level 1 in Transmutations
  1883 | D:2      | Reached skill level 1 in Fire Magic
  1883 | D:2      | Reached skill level 1 in Ice Magic
  1883 | D:2      | Reached skill level 1 in Air Magic
  1883 | D:2      | Reached skill level 1 in Earth Magic
  1883 | D:2      | Reached skill level 1 in Poison Magic
  1915 | D:2      | Reached XP level 5. HP: 41/47 MP: 5/7
  2333 | D:3      | Noticed Jessica
  2344 | D:3      | Killed Jessica
  2554 | D:4      | Reached XP level 6. HP: 46/53 MP: 8/8
  2802 | D:4      | Found a basalt altar of Yredelemnul.
  2982 | D:4      | Found a shadowy altar of Dithmenos.
  2983 | D:4      | Noticed a shadow
  2986 | D:4      | Found a hazy altar of Hepliaklqana.
  3249 | D:4      | Found a runed translucent gate.
  3250 | D:4      | Found a runed translucent gate.
  3250 | D:4      | Found a runed translucent gate.
  3251 | D:4      | Noticed Keybladegaming's ghost (weakling TeAE)
  3348 | D:4      | Identified a faintly humming ring mail
  3463 | D:4      | Became a worshipper of Hepliaklqana the Forgotten
  3463 | D:4      | Reached * piety under Hepliaklqana
  3463 | D:4      | Reached ** piety under Hepliaklqana
  3464 | D:4      | Remembered your ancestor Titus as a hexer
  3486 | D:5      | Entered Level 5 of the Dungeon
  3577 | D:5      | Reached XP level 7. HP: 54/54 MP: 10/10
  3916 | D:5      | Reached skill level 5 in Stealth
  4120 | D:5      | Reached XP level 8. HP: 60/60 MP: 12/12
  4758 | D:5      | Found a sacrificial altar of Ru.
  4953 | D:6      | HP: 4/90 [orc warrior/+0 hand axe (4)]
  5328 | D:6      | Found a staircase to the Ecumenical Temple.
  5459 | D:6      | Found the +2 ratskin cloak {*Rats rPois rN+ Str-1 Int-1
                  | Dex+1}
  5478 | D:6      | Reached XP level 9. HP: 46/62 MP: 14/14
  6368 | D:7      | Found a blossoming altar of Fedhas.
  6368 | D:7      | Found a shimmering blue altar of Sif Muna.
  6369 | D:7      | Found an iron altar of Okawaru.
  6373 | D:7      | Noticed Menkaure
  6381 | D:7      | Killed Menkaure
  6773 | D:7      | Reached *** piety under Hepliaklqana
  6805 | D:7      | Found a sparkling altar of Nemelex Xobeh.
  6859 | D:7      | Found a broken altar of Ashenzari.
  7064 | D:8      | Noticed a two-headed ogre
  7072 | D:8      | Killed a two-headed ogre
  7073 | D:8      | Reached skill level 5 in Invocations
  7073 | D:8      | Reached XP level 10. HP: 72/72 MP: 15/17
  7073 | D:8      | Found Oqacit's Weapon Shop.
  7850 | D:9      | Reached skill level 5 in Short Blades
  7850 | D:9      | Reached skill level 5 in Axes
  7850 | D:9      | Reached skill level 5 in Maces & Flails
  7850 | D:9      | Reached skill level 5 in Polearms
  7850 | D:9      | Reached skill level 5 in Staves
  7850 | D:9      | Reached skill level 5 in Slings
  7850 | D:9      | Reached skill level 5 in Bows
  7850 | D:9      | Reached skill level 5 in Crossbows
  7850 | D:9      | Reached skill level 5 in Throwing
  7850 | D:9      | Reached skill level 5 in Armour
  7850 | D:9      | Reached skill level 5 in Shields
  7850 | D:9      | Reached skill level 5 in Unarmed Combat
  7850 | D:9      | Reached skill level 5 in Spellcasting
  7850 | D:9      | Reached skill level 5 in Evocations
  8570 | D:9      | Noticed Grum
  8589 | D:9      | Killed Grum
  9111 | D:9      | Reached **** piety under Hepliaklqana
  9266 | D:10     | Entered Level 10 of the Dungeon
  9277 | D:10     | Noticed Nergalle
  9303 | D:10     | Killed Nergalle
  9654 | D:10     | Reached XP level 11. HP: 54/75 MP: 19/19
  9767 | D:10     | Found a staircase to the Orcish Mines.
 10042 | D:10     | Noticed Maggie
 10051 | D:10     | Killed Maggie
 10052 | D:10     | Reached skill level 5 in Conjurations
 10052 | D:10     | Reached skill level 5 in Hexes
 10052 | D:10     | Reached skill level 5 in Summonings
 10052 | D:10     | Reached skill level 5 in Necromancy
 10052 | D:10     | Reached skill level 5 in Translocations
 10052 | D:10     | Reached skill level 5 in Transmutations
 10052 | D:10     | Reached skill level 5 in Fire Magic
 10052 | D:10     | Reached skill level 5 in Ice Magic
 10052 | D:10     | Reached skill level 5 in Air Magic
 10052 | D:10     | Reached skill level 5 in Earth Magic
 10052 | D:10     | Reached skill level 5 in Poison Magic
 10365 | D:10     | Found a staircase to the Lair.
 10717 | D:10     | HP: 4/80 [freezing wraith (3)]
 10717 | D:10     | Demolished by a freezing wraith

Illustrated notes

Levels and vault maps discovered:
D:1:      dpeg_arrival_fog, layout_basic
D:2:      layout_basic, gammafunk_temple_overflow_elements, grunt_ministairs_3,
          uniq_terence
D:3:      layout_rooms, uniq_jessica
D:4:      layout_loops_ring, riverfiend_overflow_shadow_ancestor,
          lemuel_zombie_altar_yredelemnul, ebering_ghost_rock_garden
D:5:      minmay_chambers_of_fours, layout_loops_ring, serial_bayou,
          serial_bayou_crossing, serial_bayou_shore_b, serial_bayou_pond_e,
          serial_bayou_pond_a, serial_bayou_pond_e, serial_bayou_pond_d,
          grunt_decor_cap, nicolae_ru_path_of_blood
D:6:      wander_guarded_unrand_ratskin, layout_gridville,
          minmay_temple_entry_statues_pillars
D:7:      layout_cave_pools, kennysheep_little_box,
          chequers_temple_overflow_statue_of_worship,
          ashenzari_conservatory_becter, uniq_menkaure
D:8:      layout_rooms, serial_shops, nicolae_shop_statue_plus,
          minmay_joined_circles
D:9:      layout_roguey, minmay_bent, uniq_grum
D:10:     minmay_goldmine, layout_long_grid, minmay_lair_entry_grove,
          david_orc_1_choice, serial_glass, glass_columns_a, glass_columns_c,
          uniq_nergalle, uniq_maggie

Skill      XL: |  1  2  3  4  5  6  7  8  9 10 11 |
---------------+----------------------------------+-----
Invocations    | 1 2 3 4 5 6 |  6.9
Short Blades   | 1 2 3 4 5 6 |  6.3
Axes           | 1 2 3 4 5 6 |  6.3
Maces & Flails | 1 2 3 4 5 6 |  6.3
Polearms       | 1 2 3 4 5 6 |  6.3
Staves         | 1 2 3 4 5 6 |  6.3
Slings         | 1 2 3 4 5 6 |  6.3
Bows           | 1 2 3 4 5 6 |  6.3
Crossbows      | 1 2 3 4 5 6 |  6.3
Throwing       | 1 2 3 4 5 6 |  6.3
Armour         | 1 2 3 4 5 6 |  6.3
Shields        | 1 2 3 4 5 6 |  6.3
Unarmed Combat | 1 2 3 4 5 6 |  6.3
Spellcasting   | 1 2 3 4 5 6 |  6.3
Evocations     | 1 2 3 4 5 6 |  6.3
Conjurations   | 1 2 3 4 5 |  5.2
Hexes          | 1 2 3 4 5 |  5.2
Summonings     | 1 2 3 4 5 |  5.2
Necromancy     | 1 2 3 4 5 |  5.2
Translocations | 1 2 3 4 5 |  5.2
Transmutations | 1 2 3 4 5 |  5.2
Fire Magic     | 1 2 3 4 5 |  5.2
Ice Magic      | 1 2 3 4 5 |  5.2
Air Magic      | 1 2 3 4 5 |  5.2
Earth Magic    | 1 2 3 4 5 |  5.2
Poison Magic   | 1 2 3 4 5 |  5.2
Fighting       | 7 8 9 |  9.2
Long Blades    | 7 8 9 |  9.2
Dodging        | 7 8 9 |  9.2
Stealth        | 5 6 7 |  7.6

Action                   |  1- 3 |  4- 6 |  7- 9 | 10-12 || total
-------------------------+-------+-------+-------+-------++-------
Melee: Falchion          |    57 |    82 |   207 |   219 ||   565
       Bite              |     6 |    14 |    42 |    59 ||   121
       Dagger            |    20 |    45 |       |       ||    65
       Punch             |     1 |     1 |     6 |    20 ||    28
       Halberd           |       |       |   105 |       ||   105
       Short sword       |       |       |       |   196 ||   196
Invok: Ancestor Life: He |       |     1 |       |       ||     1
       Ancestor Identity |       |     1 |       |       ||     1
       Transference      |       |       |       |     1 ||     1
  Use: Potion            |     1 |       |    10 |     4 ||    15
       Scroll            |       |       |     9 |     3 ||    12
 Stab: Sleeping          |    11 |     8 |    15 |    22 ||    56
       Confused          |       |       |     2 |     8 ||    10
       Distracted        |       |       |     2 |     6 ||     8
Armor: Leather armour    |    11 |     4 |       |       ||    15
       Scale mail        |       |    31 |       |       ||    31
       Ring mail         |       |     1 |    72 |   103 ||   176
       Skin              |       |       |    61 |    37 ||    98
Dodge: Dodged            |    67 |    73 |   217 |   313 ||   670
       Rpst.: Falchion   |    17 |    16 |    39 |    50 ||   122

Table legend: (Time is in decaauts)
 A = Elapsed time spent in this place.
 B = Non-inter-level travel time spent in this place.
 C = Inter-level travel time spent in this place.
 D = Time resting spent in this place.
 E = Time spent auto-exploring this place.
 F = Levels seen in this place.
 G = Mean time per level.
                   A        B        C        D        E       F      G
               +--------+--------+--------+--------+--------+-----+--------+
         Total |  10690 |  10344 |    346 |   1612 |   6900 |  10 | 1069.0 |
       Dungeon |  10690 |  10344 |    346 |   1612 |   6900 |  10 | 1069.0 |
               +--------+--------+--------+--------+--------+-----+--------+

Top non-repeatable levels by time:
     D:5: 1439 daAuts
    D:10: 1417 daAuts
     D:9: 1417 daAuts
     D:6: 1328 daAuts
     D:2: 1117 daAuts
     D:4: 951 daAuts
     D:1: 863 daAuts
     D:7: 845 daAuts
     D:8: 761 daAuts
     D:3: 549 daAuts
